 Seeded DCSS version 0.28-a0-1286-g6bde065e89 (webtiles) character file.

Game seed: 17673437539440951008 (custom seed)

2988 croobank the Fighter (level 9, -1/102 HPs)
             Began as an Ogre Berserker on Dec 26, 2021.
             Was a Priest of Trog.
             Slain by a killer bee (4 damage)
             ... on level 7 of the Dungeon.
             The game lasted 00:29:32 (8746 turns).

croobank the Fighter (Ogre Berserker)               Turns: 8746, Time: 00:29:33

Health: -1/102     AC:  5    Str: 25    XL:     9   Next: 83%
Magic:  9/9        EV: 14    Int: 10    God:    Trog [***...]
Gold:   383        SH:  0    Dex: 18    Spells: 8/8 levels left

rFire   . . .      SeeInvis .   a - +0 war axe
rCold   . . .      Faith    .   (no shield)
rNeg    . . .      Spirit   .   y - +2 animal skin
rPois   .          Reflect  .   (helmet restricted)
rElec   .          Harm     .   (no cloak)
rCorr   +          Rampage  .   (gloves unavailable)
Will    ++...                   (boots unavailable)
Stlth   ++........              (no amulet)
HPRegen 1.27/turn               p - +6 ring of dexterity
MPRegen 0.11/turn               v - ring of resist corrosion

@: strong-willed, on berserk cooldown, regenerating, hasted and slowed
A: large, unfitting armour, tough skin 1, clever 1, strong 1
a: Renounce Religion, Berserk, Trog's Hand


You were on level 7 of the Dungeon.
You worshipped Trog.
Trog was most pleased with you.
You visited 1 branch of the dungeon, and saw 8 of its levels.

You collected 383 gold pieces.

Inventory:

Hand Weapons
 a - a +0 war axe (weapon)
 b - a +0 shortbow
 f - a +0 whip of freezing
 g - a +4 quarterstaff of chaos
 i - a +2 trident of freezing
 m - a +0 giant club
 q - a +0 long sword
 r - a +0 mace of protection
 u - a +0 whip of freezing
 x - a +0 hand axe
Missiles
 e - 119 stones (quivered)
 h - 93 sling bullets
 k - 51 bolts
 o - 42 poisoned darts
 z - 24 arrows
Armour
 d - a +0 robe
 y - a +2 animal skin (worn)
Jewellery
 p - a +6 ring of dexterity (left hand)
 v - a ring of resist corrosion (right hand)
Wands
 l - a wand of mindburst (16)
 s - a wand of paralysis (9)
 E - a wand of acid (10)
 G - a wand of iceblast (1)
Scrolls
 c - 3 scrolls of teleportation {teleport}
 n - 3 scrolls of immolation
 t - a scroll of fear
 A - a scroll of fog
 C - a scroll of magic mapping
 D - 2 scrolls of identify
Potions
 j - a potion of curing
 w - a potion of might
 F - a potion of magic


   Skills:
 + Level 10.4 Fighting
 + Level 8.0(8.4) Axes
 - Level 3.1(5.6) Maces & Flails
 + Level 7.3 Dodging


You had 8 spell levels left.
You didn't know any spells.
Your spell library contained the following spells:

 Spells                   Type           Power      Damage    Failure   Level
 Foxfire                  Conj/Fire      0%         2x1d4     36%         1
 Freeze                   Ice            0%         1d3       36%         1
 Pain                     Necr           0%         1d4       36%         1
 Corpse Rot               Necr/Air       0%         N/A       50%         2
 Frozen Ramparts          Ice            0%         1d2       75%         3
 Ignite Poison            Fire/Tmut/Pois 0%         N/A       75%         3
 Mephitic Cloud           Conj/Pois/Air  0%         N/A       75%         3
 Swiftness                Air            0%         N/A       75%         3
 Hailstorm                Conj/Ice       0%         3d3       98%         4
 Agony                    Necr           0%         N/A       100%        5
 Excruciating Wounds      Necr           0%         N/A       100%        5
 Freezing Cloud           Conj/Ice/Air   0%         6-21      100%        5
 Lightning Bolt           Conj/Air       0%         1d11      100%        5


Dungeon Overview and Level Annotations

Branches:
Dungeon (8/15)             Temple (0/1) D:4
   Lair: D:8-11

Altars:
Zin


Innate Abilities, Weirdness & Mutations

You are too large for most types of armour.
You have tough skin. (AC +1)
Your mind is acute. (Int +2)
Your muscles are strong. (Str +2)


Message History

There is a stone staircase leading down here.
You closely miss the killer bee.
The killer bee is heavily wounded.
You hit the killer bee but do no damage.
You feel very sick. The killer bee misses you. The killer bee stings you.
* * * LOW HITPOINT WARNING * * *
The killer bee stings you.
* * * LOW HITPOINT WARNING * * *
The killer bee completely misses you. The killer bee closely misses you.
The killer bee stings you.
* * * LOW HITPOINT WARNING * * *
The killer bee closely misses you.
You feel better. The killer bee stings you.
* * * LOW HITPOINT WARNING * * *
The killer bee closely misses you. The killer bee stings you.
* * * LOW HITPOINT WARNING * * *
The killer bee stings you.
* * * LOW HITPOINT WARNING * * *
The killer bee closely misses you. The killer bee stings you.
* * * LOW HITPOINT WARNING * * *
You are poisoned.
The killer bee poisons you!
You feel yourself speed up.
You feel very sick. The killer bee misses you. The killer bee stings you.
* * * LOW HITPOINT WARNING * * *
The killer bee barely misses you. The killer bee closely misses you.
The killer bee barely misses you. The killer bee closely misses you.
You feel better.
The killer bee stings you but does no damage.
The killer bee stings you.
* * * LOW HITPOINT WARNING * * *
The killer bee misses you. The killer bee barely misses you.
Your skin crawls.
You feel strong-willed. The killer bee barely misses you.
The killer bee stings you!
* * * LOW HITPOINT WARNING * * *
The killer bee closely misses you. The killer bee stings you.
You die...

.....# ####.# # #.# #
#.# # #.# ######### #
#.############[......#
#
#............#.#.#.#.#
#
#.########...........#
# #.#
######..y@.#.#.#.# #
#.###........y.......##
#
#.#...####.....#.#.#..#
#
#..###.###............#
# ##.##
##...............#
###.##
##.###.########## ....#
#.# #.# ##..## ##.# #.#
#...## ##.## #.#


You could see 2 killer bees.

Vanquished Creatures
  Pikel (D:5)
  Grinder (D:5)
  Sigmund (D:5)
  A water moccasin (D:6)
  3 ice beasts
  3 necrophages
  2 ogres
  3 lemures (D:5)
  A centaur (D:5)
  A bullfrog (D:7)
  4 scorpions
  A wyvern skeleton (D:7)
  3 killer bees (D:8)
  2 howler monkeys (D:7)
  2 bullfrog zombies
  4 hounds
  Crazy Yiuf (D:2)
  A centaur skeleton (D:7)
  An orc priest (D:6)
  A bullfrog skeleton (D:5)
  An iguana (D:6)
  Ijyb (D:3)
  Jessica (D:2)
  5 orc wizards
  A hound zombie (D:5)
  3 gnolls (D:5)
  10 adders
  2 river rats (D:5)
  3 shadow imps
  An adder skeleton (D:4)
  5 worms
  3 dart slugs
  14 orcs
  6 ball pythons
  5 endoplasms
  2 giant cockroaches (D:1)
  7 hobgoblins
  6 jackals
  8 bats
  3 frilled lizards (D:3)
  5 goblins
  7 kobolds
  4 rats
140 creatures vanquished.

Notes
Turn   | Place    | Note
-------+----------+-------------------------------------------
     0 | D:1      | croobank the Ogre Berserker began the quest for the Orb.
     0 | D:1      | Reached XP level 1. HP: 24/24 MP: 1/1
   314 | D:1      | Reached XP level 2. HP: 31/32 MP: 2/2
   795 | D:1      | Reached XP level 3. HP: 39/40 MP: 3/3
  1366 | D:2      | Reached ** piety under Trog
  1384 | D:2      | Noticed Jessica
  1393 | D:2      | Killed Jessica
  1396 | D:2      | Reached XP level 4. HP: 23/49 MP: 4/4
  1596 | D:2      | Reached skill level 5 in Fighting
  1797 | D:2      | Found a runed translucent door.
  1798 | D:2      | Noticed Crazy Yiuf
  1808 | D:2      | Killed Crazy Yiuf
  2028 | D:2      | Got the Catalogue of Flamy Lightness
  2167 | D:3      | Reached XP level 5. HP: 47/57 MP: 5/5
  2528 | D:3      | Found a faded altar of an unknown god.
  2862 | D:3      | Noticed Ijyb
  2871 | D:3      | Killed Ijyb
  2913 | D:3      | Reached XP level 6. HP: 63/67 MP: 6/6
  2964 | D:3      | Reached skill level 6 in Fighting
  3435 | D:4      | Found a staircase to the Ecumenical Temple.
  4361 | D:5      | Entered Level 5 of the Dungeon
  4442 | D:5      | Noticed Pikel
  4465 | D:5      | Killed Pikel
  4466 | D:5      | Reached skill level 7 in Fighting
  4466 | D:5      | Reached skill level 5 in Axes
  4466 | D:5      | Reached skill level 5 in Dodging
  4466 | D:5      | Reached XP level 7. HP: 22/78 MP: 7/7
  4649 | D:5      | Noticed Grinder
  4656 | D:5      | Reached XP level 8. HP: 78/87 MP: 8/8
  4666 | D:5      | Killed Grinder
  4978 | D:5      | Reached skill level 8 in Fighting
  5392 | D:5      | Noticed Sigmund
  5410 | D:5      | Killed Sigmund
  5667 | D:5      | Found a glowing silver altar of Zin.
  6351 | D:5      | Reached *** piety under Trog
  6768 | D:6      | Reached XP level 9. HP: 97/97 MP: 9/9
  6773 | D:6      | Gained mutation: Your mind is acute. (Int +2) [potion of
                  | mutation]
  6773 | D:6      | Gained mutation: Your muscles are strong. (Str +2) [potion
                  | of mutation]
  6856 | D:6      | Reached skill level 9 in Fighting
  8087 | D:7      | Reached skill level 10 in Fighting
  8746 | D:7      | HP: 3/102 [killer bee (7)]
  8746 | D:7      | Slain by a killer bee

Illustrated notes

Levels and vault maps discovered:
D:1:      amcnicky_arrival_underground_garden, layout_basic
D:2:      layout_rooms, uniq_crazy_yiuf_cottage, uniq_jessica
D:3:      minmay_octagon_keep, layout_loops_cross,
          dreamdust_ecumenical_altar_angels_and_demons,
          kennysheep_generic_room_12, uniq_ijyb
D:4:      layout_loops_cross, minmay_temple_entry_antechambers
D:5:      layout_loops_ring, mainiacjoe_overflow_brackets,
          gup_sewer_entry_bubbles, minivault_23, minmay_misc_feat_square,
          hangedman_decor_growths, uniq_sigmund, uniq_pikel, uniq_grinder
D:6:      layout_loops_ring
D:7:      layout_loops_ring, serial_glass, glass_columns_b, glass_columns_b
D:8:      layout_rooms, chequers_serial_rivers_large_b

Skill      XL: |  1  2  3  4  5  6  7  8  9 |
---------------+----------------------------+-----
Dodging        | 3 4 5 6 7 |  7.3
Fighting       | 5 7 8 10 | 10.4
Axes           | 4 5 6 8 |  8.0
Maces & Flails | 2 3 |  3.1

Action                   |  1- 3 |  4- 6 |  7- 9 || total
-------------------------+-------+-------+-------++-------
Melee: Hand axe          |   110 |   194 |    41 ||   345
       War axe           |       |       |   190 ||   190
 Fire: Shortbow          |       |       |    23 ||    23
Throw: Stone             |       |       |     1 ||     1
Invok: Berserk           |       |     5 |     4 ||     9
       Trog's Hand       |       |       |     1 ||     1
  Use: Scroll            |     3 |     5 |     5 ||    13
       Potion            |     1 |     5 |     9 ||    15
 Stab: Sleeping          |       |     2 |     4 ||     6
Armor: Animal skin       |    54 |    38 |    57 ||   149
Dodge: Dodged            |    76 |    91 |   204 ||   371

Table legend: (Time is in decaauts)
 A = Elapsed time spent in this place.
 B = Non-inter-level travel time spent in this place.
 C = Inter-level travel time spent in this place.
 D = Time resting spent in this place.
 E = Time spent auto-exploring this place.
 F = Levels seen in this place.
 G = Mean time per level.
                   A        B        C        D        E       F      G
               +--------+--------+--------+--------+--------+-----+--------+
         Total |   8889 |   8733 |    156 |   2286 |   4507 |   8 | 1111.1 |
       Dungeon |   8889 |   8733 |    156 |   2286 |   4507 |   8 | 1111.1 |
               +--------+--------+--------+--------+--------+-----+--------+

Top non-repeatable levels by time:
     D:5: 2403 daAuts
     D:1: 1313 daAuts
     D:3: 1246 daAuts
     D:7: 1024 daAuts
     D:4: 1008 daAuts
     D:6: 1004 daAuts
     D:2: 838 daAuts
     D:8: 50 daAuts
